AoeStats
← NicoCHavez2015

Hideout

509547136Analyzed
1v1 RM · 5d ago on Sep 27, 2026· 29m 18s· 2 players
Game mode
Random Map
Map size
Tiny (2 player)
Population
200
Speed
Normal
Resources
Standard
Victory
Conquest
Starting age
Dark Age
Ending age
Imperial Age
RankedLock teamsTeams togetherTeam positionsShared explorationLock speedFull tech treeHidden civsTurbo modeCheats
Victory
Defeat
🇧🇴 Magyars · Bolivia
1083
+14
🇨🇳 Britons · China
1042
-14
NicoCHavez2015
5:45 Loom
10:17 Feudal Age
10:51 Double-Bit Axe
10:48 Horse Collar
12:50 Town Watch
13:24 Bloodlines
18:57 Gold Mining
22:49 Castle Age
22:06 Scale Barding Armor
22:55 Wheelbarrow
24:04 Bow Saw
23:56 Heavy Plow
广域静默
10:26 Feudal Age
11:47 Double-Bit Axe
22:05 Castle Age
22:03 Horse Collar
22:18 Fletching
22:31 Scale Mail Armor
26:18 Forging
26:09 Padded Archer Armor
Connection lost

Rejoining the realm…

Still unreachable

The connection could not be restored.

Session expired

The server has moved on; the page needs a fresh start.